 Dungeon Crawl Stone Soup version 0.28-a0-1435-g82390b3a13 (webtiles) character file.

Game seed: 10637625103878151058

11977 dolemite99 the Grappler (level 11, -1/107 HPs)
             Began as a Troll Fighter on Jan 10, 2022.
             Was a High Priest of Wu Jian.
             Killed by vampiric draining
             ... invoked by a vampire
              (11 damage)
             ... on level 11 of the Dungeon.
             The game lasted 00:16:19 (11793 turns).

dolemite99 the Grappler (Troll Fighter)            Turns: 11793, Time: 00:16:20

Health: -1/107     AC:  8    Str: 30    XL:     11   Next: 56%
Magic:  10/10      EV:  9    Int:  4    God:    Wu Jian [*****.]
Gold:   377        SH:  9    Dex:  9    Spells: 10/10 levels left

rFire   . . .      SeeInvis .     - Unarmed
rCold   . . .      Faith    .   H - +0 kite shield
rNeg    . . .      Spirit   .   t - +0 steam dragon scales
rPois   .          Reflect  .   (helmet restricted)
rElec   .          Harm     .   p - +0 cloak
rCorr   .          Rampage  .   (gloves unavailable)
Will    .....                   (boots unavailable)
Stlth   +.........              (no amulet)
HPRegen 1.07/turn               (no ring)
MPRegen 0.12/turn               (no ring)

@: no status effects
A: large, unfitting armour, claws 3, regeneration 1, shaggy fur 1, tough skin 1
a: Renounce Religion, Wall Jump, Serpent's Lash, Heavenly Storm


You were on level 11 of the Dungeon.
You worshipped Wu Jian.
Wu Jian was extremely pleased with you.
You visited 1 branch of the dungeon, and saw 11 of its levels.

You collected 593 gold pieces.
You spent 216 gold pieces at shops.

Inventory:

Hand Weapons
 a - the +4 fustibalus of the Disturbing Friends {vorpal, Will+ Int+3 Stlth+}
   (You found it on level 10 of the Dungeon)

   Any ammunition fired from it inflicts extra damage upon your enemies.
   Int:       It affects your intelligence (+3).
   Will:      It increases your willpower.
   Stlth:     It makes you more stealthy.
 j - a +1 hunting sling
 u - the +5 spear of Disembowelment {venom, Will+ Str+2 Int+2}
   (You found it on level 6 of the Dungeon)

   It poisons the flesh of those it strikes.
   Str:       It affects your strength (+2).
   Int:       It affects your intelligence (+2).
   Will:      It increases your willpower.
Missiles
 k - 343 stones
 l - 5 curare-tipped darts
 o - 5 throwing nets
 r - 36 poisoned darts (quivered)
 y - 199 arrows
Armour
 b - a +0 robe
 p - a +0 cloak (worn)
 q - the +1 robe of Forik {Int+7}
   (You found it on level 5 of the Dungeon)

   Int:       It affects your intelligence (+7).
 t - +0 steam dragon scales (worn)
 H - a +0 kite shield (worn)
Jewellery
 g - an amulet of the acrobat
 i - a ring of ice
 A - a ring of fire
 C - a ring of wizardry
Wands
 D - a wand of mindburst (4)
 G - a wand of iceblast (5)
Scrolls
 d - 2 scrolls of immolation
 f - 5 scrolls of amnesia
 h - 3 scrolls of fear
 m - 3 scrolls of teleportation
 w - 2 scrolls of magic mapping
 B - 2 scrolls of enchant weapon
 E - 3 scrolls of identify {@r1}
 F - a scroll of holy word
Potions
 c - a potion of curing
 e - 2 potions of attraction
 n - 4 potions of mutation
 s - 3 potions of flight
 x - a potion of cancellation
Miscellaneous
 v - a condenser vane


   Skills:
 + Level 6.5 Fighting
 - Level 7.0 Throwing
 - Level 2.4 Dodging
 - Level 7.1 Shields
 - Level 12.0 Unarmed Combat
 - Level 4.1 Evocations


You had 10 spell levels left.
You didn't know any spells.
Your spell library contained the following spells:

 Spells                   Type           Power      Damage    Failure   Level
 Beastly Appendage        Tmut           0%         N/A       75%         1
 Freeze                   Ice            0%         1d3       75%         1
 Pain                     Necr           0%         1d4       75%         1
 Wereblood                Tmut           0%         N/A       87%         2
 Frozen Ramparts          Ice            0%         1d2       98%         3
 Ozocubu's Armour         Ice            0%         N/A       98%         3
 Spider Form              Tmut/Pois      0%         N/A       98%         3
 Hailstorm                Conj/Ice       0%         3d3       100%        4
 Agony                    Necr           0%         N/A       100%        5
 Excruciating Wounds      Necr           0%         N/A       100%        5
 Summon Forest            Summ/Tloc      0%         N/A       100%        5
 Dispersal                Tloc           0%         N/A       100%        6
 Chain Lightning          Conj/Air       0%         N/A       100%        9


Dungeon Overview and Level Annotations

Branches:
Dungeon (11/15)            Temple (0/1) D:4             Orc (0/2) D:9
   Lair: D:8-11

Altars:
Cheibriados
Gozag
Kikubaaqudgha
Nemelex Xobeh
Wu Jian

Shops:
D:2 =   D:9 [   D:10 *

Portals:
Bailey: D:7


Innate Abilities, Weirdness & Mutations

You are too large for most types of armour.
You have claws for hands.
Your natural rate of healing is unusually fast.
You are covered in fur. (AC +1)
You have tough skin. (AC +1)


Message History

You mangle something!!
You hear some strange, mumbled words.
Something tries to affect you, but you resist.
You closely miss something. Something completely misses you.
Something bites you.
Something draws strength from your injuries!
You completely miss something. Something hits you!
* * * LOW HITPOINT WARNING * * *
Something bites you.
* * * LOW HITPOINT WARNING * * *
Something draws strength from your injuries!
You closely miss something. Something hits you.
* * * LOW HITPOINT WARNING * * *
Something bites you!
* * * LOW HITPOINT WARNING * * *
Something draws strength from your injuries!
You feel much better. Something hits you.
* * * LOW HITPOINT WARNING * * *
Something bites you but does no damage.
You closely miss something. Something hits you but does no damage.
Something bites you!
* * * LOW HITPOINT WARNING * * *
Something draws strength from your injuries!
You miss something. Something hits you.
* * * LOW HITPOINT WARNING * * *
Something bites you!
* * * LOW HITPOINT WARNING * * *
Something draws strength from your injuries!
You mangle something!! Something hits you but does no damage.
Something bites you.
* * * LOW HITPOINT WARNING * * *
Something draws strength from your injuries!
You miss something. You barely miss something.
Something hits you but does no damage. Something bites you but does no damage.
You closely miss something.
You hear some strange, mumbled words.
Something tries to affect you, but you resist.
You scratch something. Something draws life force from you!
You die...

... ###)# #
...>#.#
##.....<
####...#
##....?#
##..###.#
########..<#
#.#
#....@{..#.#
#.<
#...########.#
##V# ... #.#
.. # #.# ##.
#.# . ..# .##


There were no monsters in sight!

Vanquished Creatures
  A hydra (D:9)
  A boulder beetle (D:10)
  Erica (D:8)
  3 two-headed ogres (D:10)
  A skeletal warrior (D:10)
  Pikel (D:5)
  Maurice (D:9)
  A troll (D:10)
  2 hornets (D:10)
  A jumping spider (shapeshifter) (D:10)
  2 yaks (D:10)
  Eustachio (D:4)
  A wraith (D:10)
  A wyvern (D:9)
  4 steam dragons
  3 water moccasins
  3 sky beasts
  4 orc warriors
  2 black bears (D:7)
  An ice beast (D:7)
  3 necrophages
  7 centaurs
  A lemure (D:5)
  3 kobold brigands
  A phantom (D:5)
  Blork the orc (D:4)
  4 bullfrogs
  A gnoll sergeant (D:9)
  4 scorpions
  A wyvern skeleton (D:5)
  11 killer bees
  A wight (D:5)
  5 centaur zombies
  A bullfrog zombie (D:6)
  9 hounds
  A bullfrog skeleton (D:7)
  4 orc priests
  A jelly (D:5)
  2 gnoll shamans
  3 iguanas
  A scorpion zombie (D:5)
  4 orc wizards
  A killer bee zombie (D:7)
  A hound skeleton (D:4)
  A hound zombie (D:5)
  A howler monkey zombie (D:10)
  13 gnolls
  9 adders
  A shadow imp (D:6)
  2 white imps
  2 adder skeletons
  A worm (D:5)
  3 dart slugs
  16 orcs
  9 ball pythons
  3 bats
  5 endoplasms
  4 giant cockroaches
  14 goblins
  12 hobgoblins
  19 jackals
  3 frilled lizards
  8 kobolds
  3 rats
235 creatures vanquished.

Vanquished Creatures (others)
  A howler monkey (D:10)
1 creature vanquished.

Grand Total: 236 creatures vanquished

Notes
Turn   | Place    | Note
-------+----------+-------------------------------------------
     0 | D:1      | dolemite99 the Troll Fighter began the quest for the Orb.
     0 | D:1      | Reached XP level 1. HP: 22/22 MP: 0/0
    33 | D:1      | Found a faded altar of an unknown god.
    51 | D:1      | Prayed at the altar of an unknown god.
    51 | D:1      | Became a worshipper of the Wu Jian Council
    51 | D:1      | Reached * piety under Wu Jian
   222 | D:1      | Reached XP level 2. HP: 29/29 MP: 1/1
   294 | D:1      | Reached skill level 3 in Unarmed Combat
   768 | D:2      | Noticed a necrophage
   779 | D:2      | Killed a necrophage
   780 | D:2      | Reached skill level 5 in Unarmed Combat
   780 | D:2      | Reached XP level 3. HP: 36/36 MP: 2/2
   780 | D:2      | Reached XP level 4. HP: 44/44 MP: 3/3
   803 | D:2      | Found Jacsi's Jewellery Shop.
   845 | D:2      | Reached ** piety under Wu Jian
  1039 | D:2      | Reached XP level 5. HP: 50/50 MP: 4/4
  2220 | D:4      | Reached *** piety under Wu Jian
  2234 | D:4      | Reached skill level 6 in Unarmed Combat
  2332 | D:4      | Reached XP level 6. HP: 52/59 MP: 5/5
  2356 | D:4      | Noticed Blork the orc
  2364 | D:4      | Killed Blork the orc
  2438 | D:4      | Reached skill level 7 in Unarmed Combat
  2528 | D:4      | Found a staircase to the Ecumenical Temple.
  2560 | D:4      | Noticed Eustachio
  2573 | D:4      | Killed Eustachio
  2574 | D:4      | Reached XP level 7. HP: 31/66 MP: 6/6
  2917 | D:5      | Entered Level 5 of the Dungeon
  2921 | D:5      | Identified the +1 robe of Forik {Int+7}
  3043 | D:5      | Reached skill level 8 in Unarmed Combat
  3678 | D:5      | Reached skill level 9 in Unarmed Combat
  3819 | D:5      | Noticed Pikel
  3864 | D:5      | Killed Pikel
  3865 | D:5      | Reached skill level 10 in Unarmed Combat
  3865 | D:5      | Reached XP level 8. HP: 14/74 MP: 7/7
  4186 | D:5      | Reached skill level 11 in Unarmed Combat
  4437 | D:5      | Reached **** piety under Wu Jian
  4972 | D:6      | Reached XP level 9. HP: 78/80 MP: 8/8
  5028 | D:6      | Reached skill level 12 in Unarmed Combat
  5849 | D:6      | Identified the +5 spear of Disembowelment {venom, Will+
                  | Str+2 Int+2}
  5971 | D:7      | Reached skill level 5 in Shields
  6015 | D:7      | Found a flagged portal.
  6151 | D:7      | Found a snail-covered altar of Cheibriados.
  6461 | D:7      | Reached ***** piety under Wu Jian
  6567 | D:7      | Got A Thorough Guide to Wizardry
  6754 | D:8      | Reached XP level 10. HP: 75/88 MP: 9/9
  6897 | D:8      | Found an ancient bone altar of Kikubaaqudgha.
  6933 | D:8      | Noticed Erica
  6945 | D:8      | Killed Erica
  7135 | D:8      | Found an opulent altar of Gozag.
  7135 | D:8      | Found a sparkling altar of Nemelex Xobeh.
  7441 | D:9      | Noticed a four-headed hydra
  7549 | D:9      | Noticed Maurice
  7557 | D:9      | Killed Maurice
  7558 | D:9      | Reached skill level 5 in Fighting
  8145 | D:9      | Reached skill level 1 in Evocations
  8163 | D:9      | Found Vuedel's Antique Armour Shoppe.
  8280 | D:9      | Killed a four-headed hydra
  9234 | D:9      | Found a staircase to the Orcish Mines.
  9352 | D:10     | Entered Level 10 of the Dungeon
  9360 | D:10     | Reached skill level 1 in Throwing
  9532 | D:10     | Noticed a two-headed ogre
  9537 | D:10     | Killed a two-headed ogre
  9597 | D:10     | Found Qovviyti's Assorted Antiques.
  9615 | D:10     | Bought a potion of cancellation for 216 gold pieces
  9682 | D:10     | Noticed a boulder beetle
  9690 | D:10     | Killed a boulder beetle
  9691 | D:10     | Reached XP level 11. HP: 61/104 MP: 10/10
 10111 | D:10     | Noticed a skeletal warrior
 10113 | D:10     | Noticed a two-headed ogre
 10118 | D:10     | Killed a skeletal warrior
 10119 | D:10     | Reached skill level 5 in Throwing
 10125 | D:10     | Killed a two-headed ogre
 10737 | D:10     | Identified the +4 fustibalus of the Disturbing Friends
                  | {vorpal, Will+ Int+3 Stlth+}
 10879 | D:10     | Noticed a two-headed ogre
 10884 | D:10     | Noticed an eight-headed hydra
 10886 | D:10     | Noticed a two-headed ogre
 11283 | D:10     | Got the Catalogue of the Congealing Traveller
 11331 | D:10     | Killed a two-headed ogre
 11793 | D:11     | Killed from afar by a vampire

Illustrated notes

Levels and vault maps discovered:
D:1:      matt_arrival_los_fun, layout_basic,
          chequers_ecumenical_altar_simple_redux
D:2:      layout_basic, serial_shops, nicolae_shop_stone
D:3:      layout_loops_cross, grunt_decor_one_mirror, st_stairs_1,
          kennysheep_generic_room_7
D:4:      layout_cave_pools, temple_hall, uniq_eustachio, uniq_blork_the_orc
D:5:      minmay_thick_lines, layout_basic, kennysheep_opposing_triangles,
          uniq_pikel
D:6:      layout_loops_ring, supply_closet_lemuel
D:7:      minmay_octagon_keep, layout_rooms, kennysheep_slug_shrine,
          enter_bailey_5
D:8:      layout_basic, mainiacjoe_overflow_paths,
          grunt_temple_overflow_opulence, uniq_erica
D:9:      layout_roguey, orc_0_dummy, serial_shops, nicolae_inconvenience_store,
          uniq_maurice
D:10:     minmay_imperfect_grid, layout_irregular_city, serial_shops,
          shop_fountains
D:11:     layout_rooms, grunt_lair_entry_orc_guard_hut, serial_shops,
          kennysheep_mini

Skill      XL: |  1  2  3  4  5  6  7  8  9 10 11 |
---------------+----------------------------------+-----
Unarmed Combat | 5 6 7 10 11 12 | 12.0
Shields        | 7 |  7.1
Fighting       | 5 6 |  6.5
Evocations     | 4 |  4.1
Throwing       | 4 7 |  7.0
Dodging        | |  2.4

Action                   |  1- 3 |  4- 6 |  7- 9 | 10-12 || total
-------------------------+-------+-------+-------+-------++-------
Melee: Unarmed           |    61 |   156 |   305 |   252 ||   774
 Fire: Fustibalus        |       |       |       |    25 ||    25
Throw: Stone             |       |    35 |    10 |       ||    45
       Dart              |       |       |       |     8 ||     8
Invok: Lunge             |     3 |    11 |    17 |    12 ||    43
       Whirlwind         |       |     8 |    11 |    11 ||    30
Evoke: Wand              |       |       |    15 |    10 ||    25
  Use: Scroll            |       |     1 |     9 |     6 ||    16
       Potion            |       |       |     5 |     6 ||    11
 Stab: Invisible         |       |       |     1 |       ||     1
Armor: Robe              |    13 |    45 |    43 |       ||   101
       Steam dragon scal |       |       |    36 |    82 ||   118
       Skin              |       |       |       |     7 ||     7
Dodge: Dodged            |    14 |    41 |    72 |    95 ||   222
Block: Kite shield       |    18 |    46 |    90 |   120 ||   274

Table legend: (Time is in decaauts)
 A = Elapsed time spent in this place.
 B = Non-inter-level travel time spent in this place.
 C = Inter-level travel time spent in this place.
 D = Time resting spent in this place.
 E = Time spent auto-exploring this place.
 F = Levels seen in this place.
 G = Mean time per level.
                   A        B        C        D        E       F      G
               +--------+--------+--------+--------+--------+-----+--------+
         Total |  11763 |  11385 |    378 |   3898 |   5120 |  11 | 1069.4 |
       Dungeon |  11763 |  11385 |    378 |   3898 |   5120 |  11 | 1069.4 |
               +--------+--------+--------+--------+--------+-----+--------+

Top non-repeatable levels by time:
    D:10: 2378 daAuts
     D:5: 2032 daAuts
     D:9: 1584 daAuts
     D:8: 1079 daAuts
     D:6: 1009 daAuts
     D:3: 801 daAuts
     D:1: 753 daAuts
     D:4: 746 daAuts
     D:7: 689 daAuts
     D:2: 633 daAuts
    D:11: 54 daAuts
